 Dungeon Crawl Stone Soup version 0.28-a0-1080-g05a166d0ed (webtiles) character file.

Game seed: 13557975175989911771

42 Redcow54321 the Ruffian (level 3, -1/29 HPs)
             Began as a Demonspawn Abyssal Knight on Dec 9, 2021.
             Was a Follower of Lugonu.
             Slain by a worm (8 damage)
             ... on level 3 of the Dungeon.
             The game lasted 00:02:43 (1687 turns).

Redcow54321 the Ruffian (Demonspawn Abyssal Knight) Turns: 1687, Time: 00:02:44

Health: -1/29      AC:  3    Str: 15    XL:     3   Next: 35%
Magic:  4/4        EV: 11    Int: 11    God:    Lugonu [*.....]
Gold:   52         SH:  4    Dex: 13    Spells: 2/2 levels left

rFire   . . .      SeeInvis .     - Unarmed
rCold   . . .      Faith    .   (no shield)
rNeg    . . .      Spirit   .   a - +0 leather armour
rPois   .          Reflect  .   (no helmet)
rElec   .          Harm     .   (no cloak)
rCorr   .          Rampage  .   (no gloves)
Will    .....                   (no boots)
Stlth   +.........              (no amulet)
HPRegen 0.09/turn               (no ring)
MPRegen 0.18/turn               (no ring)

@: no status effects
A: large bone plates 1, magic regeneration
a: Renounce Religion, Depart the Abyss


You were on level 3 of the Dungeon.
You worshipped Lugonu.
Lugonu was aware of your devotion.
You visited 1 branch of the dungeon, and saw 3 of its levels.
You visited the Abyss 1 time.

You collected 52 gold pieces.

Inventory:

Armour
 a - a +0 leather armour (worn)
Scrolls
 b - a scroll of identify {unknown}
 c - a scroll of blinking {unknown}
 e - a scroll of teleportation {unknown}
 f - a scroll of vulnerability {unknown}
Potions
 d - a potion of mutation {unknown}


   Skills:
 - Level 3.0 Fighting
 - Level 1.7 Armour
 - Level 0.8 Dodging
 + Level 3.5 Unarmed Combat
 - Level 2.4 Invocations


You had 2 spell levels left.
You didn't know any spells.
Your spell library contained the following spells:

 Spells                   Type           Power      Damage    Failure   Level
 Slow                     Hex            0%         N/A       41%         1
 Confusing Touch          Hex            0%         N/A       78%         3
 Vampiric Draining        Necr           0%         2d6       78%         3


Dungeon Overview and Level Annotations

Branches:
Dungeon (2/15)

Altars:


Innate Abilities, Weirdness & Mutations

You are partially covered in large bone plates. (SH +4)
You regenerate magic rapidly.


Message History

The adder is heavily wounded.
You feel sick. The adder bites you. The adder bites you but does no damage.
You hit the adder.
The adder is almost dead.
You feel sick. The adder bites you but does no damage.
You punch the adder!
You kill the adder!
Lugonu accepts your kill.
You feel sick.
You feel sick.
A kobold comes into view. It is wielding a +0 dagger.
You feel sick.
You hit the worm but do no damage.
You feel sick. The worm bites you.
You hit the worm but do no damage.
You feel sick.
You are no longer poisoned.
You hit the worm.
The worm is moderately wounded.
The worm closely misses you.
You hit the worm.
The worm is heavily wounded.
You hit the worm but do no damage.
The worm is heavily wounded.
The worm bites you but does no damage.
You hit the worm.
The worm is heavily wounded.
The kobold hits you with a +0 dagger.
You hit the worm but do no damage. You punch the worm.
The worm is severely wounded.
The worm bites you. You block the kobold's attack.
You are too injured to fight recklessly!
You are too injured to fight recklessly!
The kobold closely misses you.
You hit the worm.
The worm is severely wounded.
The kobold hits you with a +0 dagger.
* * * LOW HITPOINT WARNING * * *
You hit the worm but do no damage.
The worm is severely wounded.
The worm bites you!
You die...

.. ....# #..###
....+ #.#...#
....### #⌠.8..
...... #..8.
...!#
#...####....###
#⌠#.##K......#
#...@w......#
#............#
#..............
#..........#####
#..........#
#..........#
#..........#
#..........#


You could see a worm and a kobold.

Vanquished Creatures
  An adder (D:3)
  2 dart slugs (D:2)
  3 ball pythons (D:1)
  3 bats (D:1)
  5 endoplasms (D:1)
  A giant cockroach (D:2)
  2 hobgoblins (D:1)
  2 quokkas (D:1)
  A frilled lizard (D:2)
  2 goblins (D:1)
  6 rats
28 creatures vanquished.

Notes
Turn   | Place    | Note
-------+----------+-------------------------------------------
     0 | Abyss:1  | Redcow54321 the Demonspawn Abyssal Knight began the quest
                  | for the Orb.
     0 | Abyss:1  | Reached XP level 1. HP: 18/18 MP: 2/2
    71 | Abyss:1  | Noticed a wraith
    73 | D:1      | Escaped the Abyss
   478 | D:1      | Gained mutation: You regenerate magic rapidly. [demonic
                  | ancestry]
   478 | D:1      | Reached XP level 2. HP: 10/24 MP: 3/3
   798 | D:1      | Reached * piety under Lugonu
  1577 | D:2      | Gained mutation: You are partially covered in large bone
                  | plates. (SH +4) [demonic ancestry]
  1577 | D:2      | Reached XP level 3. HP: 26/29 MP: 4/4
  1669 | D:2      | You fall into a shaft and drop 1 floor!
  1687 | D:3      | Slain by a worm

Illustrated notes

Levels and vault maps discovered:
D:1:      shiori_shiawase, layout_basic, nrook_mini_backslash,
          due_unseen_surprise
D:2:      layout_loops_corners, st_stairs_10, minmay_misc_feat_pillars
D:3:      layout_basic, shapermc_ecumenical_altar_venn,
          chequers_serial_rivers_micro_c, kennysheep_another_room

Skill      XL: |  1  2 |
---------------+-------+-----
Unarmed Combat | 2 3 |  3.5
Fighting       | |  3.0
Armour         | |  1.7
Dodging        | |  0.8
Invocations    | |  2.4

Action                   || total
-------------------------++-------
Melee: Unarmed           ||   129
       Punch             ||     2
Invok: Depart the Abyss  ||     1
 Stab: Sleeping          ||     1
Armor: Leather armour    ||    42
Dodge: Dodged            ||    63
Block: Other             ||     2

Table legend: (Time is in decaauts)
 A = Elapsed time spent in this place.
 B = Non-inter-level travel time spent in this place.
 C = Inter-level travel time spent in this place.
 D = Time resting spent in this place.
 E = Time spent auto-exploring this place.
 F = Levels seen in this place.
 G = Mean time per level.
                   A        B        C        D        E       F      G
               +--------+--------+--------+--------+--------+-----+--------+
         Total |   1679 |   1646 |     33 |    180 |   1233 |   4 |  419.8 |
       Dungeon |   1606 |   1573 |     33 |    180 |   1165 |   3 |  535.3 |
         Abyss |     72 |     72 |      0 |      0 |     68 |   1 |   72.0 |
               +--------+--------+--------+--------+--------+-----+--------+

Top non-repeatable levels by time:
     D:1: 1409 daAuts
     D:2: 179 daAuts
 Abyss:1: 72 daAuts
     D:3: 16 daAuts
